Map: Acid Plant LE

Players

Serral - Winner!

  • Race: Zerg Zerg
  • Spawn Location: 11:00

Denver

  • Race: Zerg Zerg
  • Spawn Location: 5:00

Event: WCS Montreal 2018

VOD

Have the link to the VOD?

Description

Time

  • Played on: Sept. 7, 2018, 6:23 p.m.
  • Length: 9:08

All games in this series

Show
View Real Time Build Order
Export as new Build Order

Serral Zerg - Winner!

Build Orders: Hatch First 

Get SALT Encoding   

  12  0:00  Drone  
  13  0:12  Overlord  
  13  0:16  Drone  
  14  0:30  Drone x2  
  16  0:48  Hatchery  
  15  0:51  Drone  
  15  0:55  Drone  
  17  0:58  Drone  
  18  1:09  Extractor  
  17  1:13  Spawning Pool  
  17  1:17  Drone  
  17  1:20  Drone  
  18  1:27  Drone  
  19  1:38  Drone  
  20  1:49  Overlord  
  20  2:00  Queen x2  
  24  2:01  Drone x2  
  26  2:08  Metabolic Boost  
  26  2:10  Drone  
  26  2:11  Drone  
  28  2:21  Drone x2  
  30  2:32  Zergling x2  
  30  2:33  Zergling x2  
  32  2:38  Hatchery  
  32  2:43  Drone  
  32  2:44  Overlord  
  32  2:53  Drone  
  32  2:54  Drone, Baneling Nest  
  33  3:04  Drone x2  
  35  3:08  Zergling x2  
  35  3:09  Overlord  
  35  3:11  Drone x2  
  39  3:12  Drone  
  39  3:17  Drone x2  
  41  3:21  Drone  
  41  3:26  Queen  
  44  3:28  Zergling x2  
  44  3:29  Zergling x2  
  45  3:38  Overlord  
  45  3:42  Zergling x6  
  45  3:47  Baneling x2  
  48  3:48  Drone  
  48  3:49  Drone x2  
  48  3:53  Evolution Chamber  
  48  3:55  Drone x3  
  53  4:02  Drone x2  
  54  4:04  Baneling  
  54  4:07  Overlord  
  54  4:13  Zergling x4  
  56  4:17  Drone x3  
  56  4:18  Drone x3  
  56  4:19  Zerg Missile Weapons Level 1  
  56  4:23  Overlord  
  63  4:24  Extractor x2, Drone  
  63  4:31  Drone  
  61  4:34  Drone x2  
  61  4:36  Lair  
  63  4:41  Zergling x2  
  63  4:42  Roach Warren  
  63  4:47  Drone x6, Overlord  
  63  4:49  Drone  
  70  4:52  Extractor  
  70  4:53  Drone x2  
  70  4:56  Drone x2  
  70  4:57  Drone  
  70  4:58  Drone  
  74  5:08  Drone  
  74  5:09  Drone x2  
  74  5:10  Pneumatized Carapace  
  74  5:11  Extractor  
  74  5:12  Extractor  
  75  5:15  Drone  
  75  5:16  Drone  
  75  5:21  Drone x2, Overlord  
  77  5:24  Overlord  
  78  5:29  Drone x2  
  78  5:31  Roach x2  
  83  5:36  Glial Reconstitution  
  83  5:40  Drone x2, Overlord  
  83  5:41  Roach x3  
  91  5:43  Hatchery  
  91  5:45  Overlord  
  94  5:50  Roach x4  
  98  6:01  Overseer, Roach x4  
  105  6:06  Evolution Chamber, Overlord x2  
  105  6:10  Roach x3  
  110  6:14  Roach  
  110  6:15  Roach x3  
  110  6:18  Zerg Missile Weapons Level 2  
  118  6:24  Overlord  
  117  6:27  Roach  
  117  6:28  Roach x2  
  117  6:32  Zerg Ground Armor Level 1  
  123  6:34  Overlord  
  123  6:38  Drone x2, Queen  
  127  6:41  Roach x4  
  127  6:43  Overseer  
  127  6:45  Roach  
  127  6:46  Overlord  
  137  6:48  Ravager x4  
  137  6:53  Roach x3  
  146  6:58  Roach x3  
  152  7:04  Roach x3  
  158  7:10  Extractor  
  158  7:11  Overlord  
  158  7:13  Baneling x4  
  157  7:16  Overlord  
  157  7:17  Roach  
  157  7:18  Roach x3  
  157  7:21  Overlord  
  157  7:22  Overlord  
  165  7:26  Overlord x2  
  165  7:29  Overlord  
  165  7:36  Roach x5  
  185  7:44  Roach x5  
  185  7:56  Roach x7  
  199  8:02  Overlord  
  199  8:05  Overlord  
  199  8:10  Overlord  
  199  8:18  Roach x3  
  189  8:27  Ravager x2  
  189  8:28  Roach x4  
  189  8:32  Ravager  
  200  8:35  Overseer  
  190  8:42  Roach x6  
  190  8:48  Roach x5  
Show
View Real Time Build Order
Export as new Build Order

Denver Zerg 

Build Orders: 3 Hatch before Pool 

Get SALT Encoding   

  12  0:00  Drone  
  13  0:12  Overlord  
  13  0:17  Drone  
  14  0:30  Drone x2  
  14  0:35  Drone  
  17  0:51  Hatchery  
  17  0:54  Drone  
  17  0:57  Drone  
  18  1:07  Drone  
  19  1:21  Hatchery  
  19  1:24  Drone  
  19  1:28  Drone  
  20  1:37  Extractor  
  19  1:42  Spawning Pool  
  19  1:43  Drone  
  19  1:48  Drone  
  20  2:00  Drone  
  21  2:04  Drone  
  22  2:12  Drone  
  24  2:15  Drone  
  24  2:21  Drone  
  25  2:25  Overlord  
  25  2:28  Queen  
  27  2:32  Drone  
  27  2:33  Queen  
  27  2:36  Metabolic Boost  
  30  2:43  Queen  
  32  2:45  Zergling x2  
  32  2:48  Drone  
  32  2:50  Drone  
  35  2:51  Drone  
  35  2:57  Baneling Nest  
  35  2:59  Drone  
  35  3:01  Zergling x2  
  35  3:04  Drone  
  38  3:07  Overlord  
  38  3:10  Drone  
  38  3:12  Drone  
  40  3:15  Zergling x2  
  40  3:18  Overlord  
  41  3:23  Zergling x2  
  42  3:28  Zergling x6  
  46  3:35  Drone  
  46  3:40  Drone x2  
  46  3:41  Drone x2  
  51  3:43  Baneling x2  
  51  3:45  Drone  
  51  3:47  Drone  
  53  3:51  Drone  
  53  3:52  Evolution Chamber  
  53  3:54  Overlord  
  51  3:56  Drone x2  
  51  3:58  Drone x2  
  51  4:01  Drone x2  
  57  4:03  Extractor  
  57  4:05  Overlord  
  57  4:07  Baneling  
  57  4:08  Baneling  
  56  4:10  Overlord  
  56  4:15  Drone x3  
  59  4:20  Zerg Missile Weapons Level 1  
  59  4:23  Roach Warren  
  58  4:24  Drone  
  58  4:25  Drone  
  58  4:27  Drone  
  58  4:30  Drone  
  58  4:31  Drone  
  63  4:33  Drone x2  
  63  4:36  Drone x3  
  67  4:38  Overlord  
  67  4:41  Extractor  
  67  4:44  Lair  
  66  4:47  Drone x2  
  66  4:51  Drone x4  
  72  4:55  Extractor  
  72  4:58  Drone x4  
  72  4:59  Drone x2  
  76  5:02  Overlord  
  75  5:10  Zergling x8  
  75  5:14  Extractor x2  
  78  5:17  Overlord  
  77  5:27  Drone x3, Hatchery  
  77  5:28  Drone x3  
  79  5:29  Overlord  
  79  5:34  Queen, Overlord  
  81  5:36  Overlord  
  81  5:37  Pneumatized Carapace  
  81  5:42  Glial Reconstitution  
  81  5:48  Roach x5  
  81  5:49  Roach  
  93  5:52  Drone x2  
  94  5:58  Roach x4  
  101  6:04  Overlord  
  101  6:05  Roach  
  101  6:06  Roach  
  101  6:11  Drone  
  106  6:13  Evolution Chamber  
  106  6:15  Roach x4  
  106  6:17  Roach  
  114  6:20  Zerg Missile Weapons Level 2  
  114  6:21  Roach  
  114  6:22  Overseer  
  114  6:25  Drone  
  115  6:29  Roach  
  115  6:32  Roach x4  
  125  6:33  Overseer  
  125  6:36  Overlord  
  125  6:37  Hydralisk Den  
  125  6:39  Roach  
  128  6:40  Roach  
  130  6:47  Roach x2  
  130  6:51  Roach x3  
  135  6:54  Overlord  
  135  6:58  Ravager  
  136  7:03  Roach x5  
  136  7:05  Ravager x2  
  136  7:06  Zerg Ground Armor Level 1, Overlord  
  148  7:10  Overlord  
  148  7:11  Extractor  
  148  7:13  Overlord  
  148  7:15  Overlord  
  147  7:17  Roach x2  
  147  7:20  Overlord  
  151  7:25  Roach x3  
  155  7:37  Roach x6  
  155  7:41  Roach x2  
  155  7:42  Roach  
  155  7:45  Roach x2  
  155  7:50  Roach x2  
  155  7:51  Roach  
  163  7:53  Ravager x2  
  165  7:59  Roach x4  
  171  8:10  Ravager x5  
  176  8:14  Roach x4  
  159  8:23  Roach x6  
  159  8:26  Drone x4  
  159  8:27  Drone  
  162  8:28  Drone  
  159  8:41  Roach x4  
  159  8:47  Roach x3  
Tags
 
Add a new tag
Caveats
  • Supply blocks, unpowered buildings, or Contaminate may cause inaccurate times.
  • Supply counts are checked every 10 seconds.